 Dungeon Crawl Stone Soup version 0.22-a0-877-g5c4e1af (webtiles) character file.

680 Amnesiac the Digger (level 7, -1/46 HPs)
             Began as a Mummy Earth Elementalist on July 29, 2018.
             Slain by a black bear (2 damage)
             ... on level 6 of the Dungeon.
             The game lasted 00:07:03 (5385 turns).

Amnesiac the Digger (Mummy Earth Elementalist)      Turns: 5385, Time: 00:07:03

Health: -1/46      AC:  2    Str: 11    XL:     7   Next: 34%
Magic:  3/16       EV: 12    Int: 17    God:
Gold:   144        SH:  0    Dex: 12    Spells: 3/18 levels left

rFire    x x .     SeeInvis .   a - +0 short sword (drain)
rCold    + + .     Gourm    .   (no shield)
rNeg     + + +     Faith    .   c - +0 robe
rPois    ∞         Spirit   .   (no helmet)
rElec    .         Reflect  .   (no cloak)
rCorr    .         Harm     .   (no gloves)
MR       .....                  (no boots)
Stlth    ++........             (no amulet)
HPRegen  0.15/turn              h - ring of ice
MPRegen  0.15/turn              (no ring)

@: no status effects
A: no food or potions, fire vulnerability, cold resistance 1, negative energy
resistance 3, torment resistance, unbreathing
a: no special abilities


You were on level 6 of the Dungeon.
You were not hungry.

You visited 1 branch of the dungeon, and saw 6 of its levels.

You collected 144 gold pieces.

Inventory:

Hand Weapons
 a - a +0 short sword of draining (weapon)
Missiles
 b - 20 stones
 d - 4 javelins (quivered)
Armour
 c - a +0 robe (worn)
 k - a scarf of repulsion
Jewellery
 h - a ring of ice (left hand)
Wands
 j - a wand of clouds (7)
Scrolls
 e - a scroll of magic mapping {!r, unknown}
 f - 3 scrolls of remove curse {!r, unknown}
 g - a scroll of enchant weapon {!r, unknown}
 i - a scroll of blinking {!r, unknown}


   Skills:
 - Level 1.5 Dodging
 - Level 1.5 Stealth
 + Level 6.0 Spellcasting
 - Level 0.7 Transmutations
 * Level 6.1 Earth Magic


You had 3 spell levels left.
You knew the following spells:

 Your Spells              Type           Power        Failure   Level  Hunger
a - Stone Arrow           Conj/Erth      ###...       11%         3    N/A
b - Passwall              Tmut/Erth      ###.....     4%          2    N/A
c - Sandblast             Erth           ####..       1%          1    N/A
d - Lee's Rapid Deconstr  Erth           ####......   28%         5    N/A
e - Petrify               Tmut/Erth      ###.....     30%         4    N/A

Your spell library contained the following spells:

 Spells                   Type           Power        Failure   Level  Hunger


Dungeon Overview and Level Annotations

Branches:
Dungeon (6/15)
 Temple: D:4-7

Altars:
Gozag
Yredelemnul

Shops:
D:4 *

Annotations:
D:2 Terence


Innate Abilities, Weirdness & Mutations

You do not eat or drink.
Your flesh is vulnerable to fire.
You are immune to poison.
Your flesh is cold resistant. (rC+)
You are immune to negative energy. (rN+++)
You are immune to unholy pain and torment.
You can survive without breathing.


Message History

Confirm with . or Enter, or press ? or * to list all spells.
Aiming: Stone Arrow (safe; 11% risk of failure)
Press: ? - help, Shift-Dir - straight line, f - black bear
Aim: a black bear The stone arrow hits the black bear.
The black bear is moderately wounded.
You hit the black bear. You drain the black bear!
The black bear is heavily wounded.
The black bear misses you. The black bear barely misses you.
The black bear misses you.
You barely miss the black bear.
The black bear is heavily wounded.
The black bear bites you but does no damage.
The black bear claws you. The black bear barely misses you.
The black bear completely misses you. The black bear claws you.
The black bear barely misses you.
You barely miss the black bear.
The black bear is heavily wounded.
The black bear bites you. The black bear barely misses you.
The black bear claws you.
You hit the black bear.
The black bear is severely wounded.
A worker ant comes into view.
The black bear bites you. The black bear closely misses you.
The black bear misses you.
The worker ant twitches its antennae in your direction.
You hit the black bear.
The black bear is almost dead.
The black bear bites you. The black bear barely misses you.
The black bear claws you.
You barely miss the black bear.
The black bear is almost dead.
The black bear closely misses you. The black bear claws you.
* * * LOW HITPOINT WARNING * * *
The black bear closely misses you.
You completely miss the black bear.
The black bear is severely wounded.
The black bear goes berserk!
You hit the black bear. You drain the black bear!
The black bear is almost dead.
The black bear bites you.
* * * LOW HITPOINT WARNING * * *
The black bear claws you.
* * * LOW HITPOINT WARNING * * *
The black bear closely misses you.
The phantom blinks!
The black bear bites you.
* * * LOW HITPOINT WARNING * * *
The black bear claws you.
* * * LOW HITPOINT WARNING * * *
The black bear misses you.
You hit the black bear but do no damage.
The black bear is almost dead.
The black bear barely misses you.
The black bear claws you but does no damage.
The black bear barely misses you.
The phantom blinks!
You hit the black bear.
The black bear is almost dead.
The black bear bites you.
* * * LOW HITPOINT WARNING * * *
The black bear claws you.
* * * LOW HITPOINT WARNING * * *
The black bear closely misses you. The black bear barely misses you. x2
The black bear claws you.
You die...

#.#######.#######..
#.# #W# ###.# #.#
#...# #.# ##### #.#
#.# ########.#
.........#
########@# #h#
#a.†..# ####†## ..
.# [. #


You could see a phantom, a black bear (berserk) and a worker ant.

Vanquished Creatures
  An orc warrior (D:4)
  An ogre (D:4)
  4 orc priests
  A bullfrog skeleton (D:6)
  A centaur skeleton (D:5)
  3 orc wizards
  6 worker ants
  A howler monkey zombie (D:5)
  2 adders
  An adder skeleton (D:3)
  2 worms
  A dart slug (D:3)
  4 leopard geckos
  15 orcs
  A ball python (D:2)
  2 bats
  2 giant cockroaches
  A goblin (D:2)
  6 jackals
  2 kobolds (D:3)
  2 quokkas
  4 frilled lizards
  A jackal skeleton (D:4)
  6 rats
70 creatures vanquished.

Notes
Turn   | Place    | Note
-------+----------+-------------------------------------------
     0 | D:1      | Amnesiac the Mummy Earth Elementalist began the quest for the Orb.
     0 | D:1      | Reached XP level 1. HP: 13/13 MP: 4/4
   380 | D:2      | Found an opulent altar of Gozag.
   433 | D:2      | Reached XP level 2. HP: 13/19 MP: 5/5
  1083 | D:2      | Found a basalt altar of Yredelemnul.
  1134 | D:3      | Reached XP level 3. HP: 13/24 MP: 1/8
  1187 | D:3      | Learned a level 2 spell: Passwall
  1191 | D:3      | Learned a level 3 spell: Stone Arrow
  1348 | D:3      | Noticed Terence
  1813 | D:3      | Reached XP level 4. HP: 14/30 MP: 9/9
  1833 | D:3      | Learned a level 4 spell: Petrify
  2012 | D:4      | Found Sehaepso's General Store.
  2334 | D:4      | Reached XP level 5. HP: 24/35 MP: 11/11
  2552 | D:4      | Noticed an ogre
  2556 | D:4      | Killed an ogre
  2809 | D:4      | Reached XP level 6. HP: 30/41 MP: 13/13
  2956 | D:4      | Reached skill level 5 in Spellcasting
  2956 | D:4      | Reached skill level 5 in Earth Magic
  3453 | D:5      | Entered Level 5 of the Dungeon
  3657 | D:5      | Noticed an orc warrior
  3716 | D:4      | Killed an orc warrior
  4014 | D:5      | Reached XP level 7. HP: 39/46 MP: 2/15
  4066 | D:5      | Learned a level 5 spell: Lee's Rapid Deconstruction
  5385 | D:6      | HP: 1/46 [black bear (4)]
  5385 | D:6      | Slain by a black bear

Vault maps used:
D:1:      minmay_arrival_arboretum_large
D:2:      minitemple, lemuel_crystal_altar, nicolae_gozag_seed_capital,
          uniq_robin
D:3:      grunt_temple_overflow_growth_and_decay, cheibriados_altar_1,
          okawaru_gym_becter, first_ration, uniq_terence, uniq_sigmund
D:4:      serial_shops, nicolae_shop_waterfront
D:6:      nicolae_tso_swordbearing_angel, temple_doors_e

Skill      XL: |  1  2  3  4  5  6  7 |
---------------+----------------------+-----
Earth Magic    | 3 4 5 6 |  6.1
Spellcasting   | 3 4 5 6 |  6.0
Dodging        | |  1.5
Stealth        | |  1.5
Transmutations | |  0.7

Action                   |  1- 3 |  4- 6 |  7- 9 || total
-------------------------+-------+-------+-------++-------
Melee: Unarmed           |    18 |       |       ||    18
       Hand axe          |    50 |     5 |       ||    55
       Short sword       |       |   140 |    38 ||   178
Throw: Javelin           |     3 |       |       ||     3
 Cast: Sandblast         |    23 |     7 |       ||    30
       Passwall          |     2 |       |     1 ||     3
       Stone Arrow       |       |    12 |    24 ||    36
       Petrify           |       |     3 |       ||     3
 Stab: Sleeping          |       |     2 |       ||     2
       Petrified         |       |    11 |       ||    11
Armor: Robe              |    14 |    12 |     8 ||    34
Dodge: Dodged            |    68 |    81 |    36 ||   185

Table legend:
 A = Spawn XP
 B = Non-spawn XP
 C = Spawn XP percentage of total XP
 D = Spawn monster count
 E = Non-spawn monster count
 F = Spawn count percentage of total count
 G = Total turns spent on level
                    A         B        C        D         E        F      G
               +---------+---------+-------+---------+---------+-------+---------
         Total |       0 |     972 |   0.0 |       0 |      70 |   0.0 |  5385
               +---------+---------+-------+---------+---------+-------+---------
           D:1 |       0 |       8 |   0.0 |       0 |       5 |   0.0 |   380
           D:2 |       0 |      26 |   0.0 |       0 |      12 |   0.0 |  1034
           D:3 |       0 |      68 |   0.0 |       0 |      10 |   0.0 |   580
           D:4 |       0 |     540 |   0.0 |       0 |      21 |   0.0 |  1776
           D:5 |       0 |     203 |   0.0 |       0 |      16 |   0.0 |  1383
           D:6 |       0 |     127 |   0.0 |       0 |       6 |   0.0 |   232
               +---------+---------+-------+---------+---------+-------+---------
